cohdb
Replays
Latest Replays
All Replays
Popular Replays
Top Player Replays
Match Explorer
How It Works
Community
CoH3 Stats
Reddit
Sign in to upload your games and track your stats! →
Sign in with Steam
Match 45113364
Unlisted
Match 45113364
Overview
Messages
Build Orders
End
Construct Infanterie Kompanie
Selects Italian Coastal Battlegroup
Selects Coastal Reserves
Coastal Reserve
Coastal Reserve
Coastal Reserve
MG 42 Bunker
Construct Panzergrenadier Kompanie
Panzergrenadier Squad
Selects Designate Defensive Line
Designate Defensive Line
251 Medium Carrier
Medical Station
Construct Panzer Kompanie
Designate Defensive Line
Stoßtruppen Squad
MG 42 Machine Gun Team
Sturmpanzer IV Brummbär
Selects Artillery Officer
Selects Obice da 210/22 Artillery Emplacement
Artillery Officer
Pioneer Squad
Pioneer Squad
Gumshoe.Cambro
SxNine
NotQuiteAKing
SovietBuffalo
0
0
Comments
sign in to comment!
No comments posted yet!